AoeStats
← howdydo12

Nomad

514281736Analyzed
1v1 RM · 3d ago on Oct 17, 2026· 42m 57s· 2 players
Game mode
Random Map
Map size
126×126
Population
200
Speed
Normal
Resources
Standard
Victory
Conquest
Starting age
Dark Age
Ending age
Imperial Age
RankedLock teamsTeams togetherTeam positionsShared explorationLock speedFull tech treeHidden civsTurbo modeCheats
Victory
Defeat
🇵🇱 Saxons · Poland
642
+14
vs
🇨🇳 Chinese · China
603
-14
howdydo12
11:45 Loom
16:38 Feudal Age
17:51 Double-Bit Axe
18:52 Horse Collar
20:32 Gold Mining
24:28 Fletching
28:44 Castle Age
28:56 Pikeman
30:37 Wheelbarrow
32:12 Squires
31:58 Arson
31:59 Gambesons
33:05 Crossbowman
34:21 Town Watch
37:18 Scale Mail Armor
37:14 Bodkin Arrow
43:40 Forging
1428651756
7:16 Loom
15:17 Feudal Age
15:42 Horse Collar
16:09 Double-Bit Axe
19:56 Gold Mining
21:48 Bloodlines
23:57 Scale Barding Armor
24:03 Forging
24:56 Padded Archer Armor
24:47 Fletching
27:20 Stone Mining
33:28 Castle Age
34:13 Husbandry
35:14 Stone Shaft Mining
35:18 Gold Shaft Mining
36:52 Iron Casting
Connection lost

Rejoining the realm…

Still unreachable

The connection could not be restored.

Session expired

The server has moved on; the page needs a fresh start.